[Event "44th Chess Olympiad Open 2022"]
[Site "Chennai"]
[Date "2022.07.30"]
[Round "2.71"]
[White "Sharikhan, Shawal"]
[Black "Germinal, Kemly"]
[Result "0-1"]
[ECO "A28"]
[WhiteElo "1789"]
[BlackElo "1997"]
[Annotator "TA"]
[PlyCount "96"]
[EventDate "2022.07.29"]
[EventType "team-tourn"]
[EventCountry "IND"]
[SourceTitle "playchess.com"]
[Source "ChessBase"]
[SourceQuality "1"]
[WhiteTeam "Brunei"]
[BlackTeam "Haiti"]
[WhiteTeamCountry "BRN"]
[BlackTeamCountry "HAI"]
[TimeControl "40/5400+30:1800+30"]

1. Nf3 Nc6 2. c4 e5 3. Nc3 Nf6 4. e4 Bb4 5. Qc2 d6 6. a3 {[%emt 0:03:04] A28: English Opening: Four Knights Variation.} Bxc3 7. bxc3 Bg4 8. Be2 {[%emt 0:01:16] The position is equal.} O-O {[%emt 0:04:37] [#]} 9. d3 $146 ({Predecessor:} 9. h3 Bh5 10. g4 Bg6 11. d3 Nd7 12. Be3 Re8 13. h4 f6 14. h5 Bf7 15. g5 {0-1 (39) Adeba Rodriguez,J-Moreno Luelmo,E Asturias 1997}) 9... Ne8 10. h3 Bd7 11. Bg5 f6 12. Bh4 Kh8 (12... g5 $5 13. Bg3 f5 $11) 13. g4 Ne7 14. Bg3 c6 15. Nh4 d5 16. cxd5 (16. O-O $11) 16... cxd5 $15 17. O-O Rc8 18. Qd2 Qa5 19. Qb2 Nd6 ({Much weaker is} 19... Qxc3 $6 20. Qxb7 Rc7 21. Qb4 Qxb4 22. axb4 $11) 20. Qb4 Qc7 21. Rac1 (21. Rfc1 $142) 21... a5 (21... dxe4 $142 {And now ...Nd5 would win.} 22. dxe4 a5) 22. Qb2 $17 dxe4 23. d4 Nf7 24. Rfd1 (24. c4 $15) 24... Ng5 25. Kh2 Ba4 $36 {[%emt 0:01:07][%mdl 2048] Black is on the roll.} 26. Re1 e3 ({Better is} 26... Nd5 $1 27. c4 Nf4) 27. f3 Nd5 28. Ng2 Nf4 $1 {[%emt 0:02:42] Pair of Knights!} 29. h4 Nxg2 {[%emt 0:04:58] The board is on fire. 0x0.0002da50ecefdp-1022s more active pieces.} ({Reject} 29... Nxe2 $6 30. Qxe2 Nf7 31. Nxe3 $11) 30. Kxg2 Ne6 31. Bf1 (31. d5 $17 {was worth a try.} Nf4+ 32. Bxf4 exf4 33. c4) 31... Nf4+ $19 32. Kh2 Bc6 $2 (32... Qc6 $19 33. Bxf4 exf4) 33. Rxe3 $11 Rce8 34. Bxf4 $2 (34. Qd2 $11 {and White stays safe.}) 34... exf4 $19 35. Rxe8 Rxe8 36. Kg2 (36. Bg2 $17) 36... Re3 37. Be2 Qe7 38. Kf2 f5 $2 (38... h5 {Threatens to win with ...hxg4.} 39. d5 Bxd5) 39. g5 h6 40. Rg1 $2 {[%emt 0:00:30] [#]} (40. a4) 40... h5 $2 (40... Rxf3+ $3 $19 {[%mdl 512] is more deadly.} 41. Bxf3 Qe3+ 42. Kg2 Qxf3+ 43. Kh2 hxg5) 41. Rd1 $2 {[%emt 0:30:20][%mdl 8192] [#]} (41. Qd2 $17 {is a better chance.}) 41... Bd5 $2 (41... Rxf3+ $1 $19 {[%mdl 512] has better winning chances.} 42. Bxf3 Qe3+ 43. Kf1 Qxf3+ 44. Ke1 Ba4) 42. Rd2 $2 {[%emt 0:00:28] [#] Now White is beyond hope.} (42. c4 $17 Rxf3+ 43. Bxf3 Qe3+ 44. Kf1 Qxf3+ 45. Ke1 Bxc4 46. Qf2 Qe4+ 47. Kd2) 42... Qe8 $2 (42... Rxf3+ $3 43. Ke1 Rh3) 43. c4 $2 {[%emt 0:00:58] [#]} (43. Rd1) 43... Rxf3+ $3 44. Bxf3 (44. Ke1 Qe3) 44... Qe3+ {[%emt 0:00:06][%mdl 64] Deflection, Double Attack. Black mates.} 45. Kf1 Qxf3+ 46. Ke1 Qh1+ 47. Kf2 Qg2+ 48. Ke1 Qg1+ {[%emt 0:00:06] Weighted Error Value: White=1.00/Black=0.62} 0-1